 Dungeon Crawl Stone Soup version 0.18-a0-1542-g9c1a92e (webtiles) character file.

546 glosham the Cleaver (level 7, -2/57 HPs)
             Began as a Minotaur Chaos Knight on Mar 10, 2016.
             Was a Believer of Okawaru.
             Killed by divine providence
             ... invoked by an orc priest
              (12 damage)
             ... on level 6 of the Dungeon.
             The game lasted 00:19:56 (896 turns).

glosham the Cleaver (Minotaur Chaos Knight)          Turns: 896, Time: 00:19:56

Health: -2/57      AC:  5    Str: 19    XL:     7   Next: 6%
Magic:  5/6        EV: 10    Int:  9    God:    Okawaru [**....]
Gold:   141        SH:  0    Dex:  9    Spells: 0 memorised, 6 levels left

rFire  . . .     SeeInvis .     a - +0 hand axe (chaos)
rCold  . . .     Gourm    .     l - +0 ring mail (curse)
rNeg   . . .     Faith    .     (no shield)
rPois  .         Spirit   .     (helmet restricted)
rElec  .         Dismiss  .     (no cloak)
rCorr  .         Reflect  .     (no gloves)
SustAt .         Harm     .     (no boots)
MR     .....                    z - amulet of regeneration
Stlth  ..........               (no ring)
                                (no ring)

@: very slightly contaminated, hasted, very quick, not resistant to hostile
enchantments, extremely unstealthy
A: retaliatory headbutt, horns 2
a: Heroism, Renounce Religion


You were on level 6 of the Dungeon.
You worshipped Okawaru.
Okawaru was pleased with you.
You were not hungry.

You visited 2 branches of the dungeon, and saw 7 of its levels.

You collected 141 gold pieces.

Inventory:

Hand Weapons
 a - a +0 hand axe of chaos (weapon)
Missiles
 e - 140 stones
 f - 5 tomahawks (quivered)
 i - 17 sling bullets of frost
 n - 17 sling bullets
Armour
 b - a +2 leather armour
 j - a +0 chain mail
 k - a +0 large shield
 l - a cursed +0 ring mail (worn)
Jewellery
 z - an amulet of regeneration (around neck)
Scrolls
 m - a scroll of fear
Potions
 g - a potion of flight
Comestibles
 c - 3 bread rations
 d - 4 fruits
 o - 3 chunks of flesh


   Skills:
 - Level 3.6 Fighting
 * Level 9.7 Axes
 - Level 2.4 Armour
 - Level 1.1 Dodging


You had 6 spell levels left.
You didn't know any spells.

Dungeon Overview and Level Annotations

Branches:
Dungeon (6/15)             Temple (1/1) D:4

Altars:
Ashenzari
Dithmenos
Fedhas
Nemelex Xobeh
Okawaru
Pakellas
Qazlal
Ru
Sif Muna
Vehumet
Xom
Zin


Innate Abilities, Weirdness & Mutations

You reflexively headbutt those who attack you in melee.
You have a pair of horns on your head.


Message History

You slash the orc priest!
You kill the orc priest!
Okawaru accepts your kill.
Drink which item? (? for menu, Esc to quit)
You feel yourself speed up.
You are very lightly contaminated with residual magic.
Things that are here:
a leather armour; an orc corpse An orc priest comes into view.
It is wielding a flail.
An orc comes into view. It is wielding a whip.
You feel like a meek peon again.
You closely miss the orc warrior.
You hit the orc warrior but do no damage.
You headbutt the orc warrior.
The orc warrior is lightly wounded.
The orc warrior hits you with a mace.
* * * LOW HITPOINT WARNING * * *
You closely miss the orc warrior.
The orc warrior is lightly wounded.
You hit the orc warrior but do no damage.
The orc warrior is lightly wounded.
The orc warrior completely misses you. You furiously retaliate!
You headbutt the orc warrior.
You hit the orc warrior but do no damage.
The orc warrior is lightly wounded.
You hit the orc warrior but do no damage.
The orc warrior is lightly wounded.
The orc warrior hits you with a mace.
* * * LOW HITPOINT WARNING * * *
You hit the orc warrior but do no damage.
The orc warrior has an odd expression for a moment.
The orc warrior is lightly wounded.
You hit the orc warrior. You freeze the orc warrior.
You headbutt the orc warrior.
The orc warrior is heavily wounded.
You hit the orc warrior.
The orc warrior evaporates and reforms as a naga!
The orc priest calls down the wrath of Beogh upon you.
Beogh smites you!
You die...

#. #..# #..# #..###
#....# #.##.# #.##.###
#)##...# #.####.######
#.#........@#
.#####.#........N########
.....<.†.........o....o.#
....##...##############o#
.## #.....# ........#
##.......# #.......#
##.....##


You could see a naga and an orc priest.

Vanquished Creatures
  Menkaure (D:4)
  A black bear (shapeshifter) (D:5)
  An ogre (D:4)
  A howler monkey (D:3)
  A giant frog zombie (D:5)
  An orc priest (D:6)
  An orc wizard (D:3)
  2 worker ants
  2 gnolls (D:4)
  An adder (D:2)
  A worm (D:5)
  A dart slug (D:2)
  2 giant geckos
  4 orcs
  2 goblins (D:3)
  A hobgoblin (D:2)
  4 jackals (D:5)
  2 kobolds (D:3)
  2 quokkas (D:5)
  A bat (D:3)
  3 giant newts
  4 rats
39 creatures vanquished.

Notes
Turn   | Place    | Note
--------------------------------------------------------------
     0 | D:1      | glosham the Minotaur Chaos Knight began the quest for the Orb.
     0 | D:1      | Reached XP level 1. HP: 19/19 MP: 0/0
     0 | D:1      | Fell from the grace of Xom
   116 | D:2      | Reached skill level 4 in Axes
   116 | D:2      | Reached XP level 2. HP: 8/26 MP: 1/1
   129 | D:2      | Noticed Jessica
   133 | D:2      | Noticed Jessica
   133 | D:2      | Jessica changed into Jessica the rat
   135 | D:2      | Killed Jessica the rat
   158 | D:2      | XOM: summons 1 hostile demon
   159 | D:2      | Noticed a crimson imp
   243 | D:4      | Found a staircase to the Ecumenical Temple.
   254 | Temple   | Entered the Ecumenical Temple
   258 | Temple   | Became a worshipper of Warmaster Okawaru
   269 | D:4      | Noticed Menkaure
   290 | D:4      | Killed Menkaure
   290 | D:4      | Reached * piety under Okawaru
   290 | D:4      | Reached skill level 6 in Axes
   290 | D:4      | Reached XP level 3. HP: 26/31 MP: 2/2
   290 | D:4      | Reached XP level 4. HP: 32/39 MP: 3/3
   290 | D:4      | Reached XP level 5. HP: 36/45 MP: 4/4
   337 | D:4      | Noticed an ogre
   346 | D:4      | Killed an ogre
   346 | D:4      | Reached ** piety under Okawaru
   346 | D:4      | Reached skill level 7 in Axes
   417 | D:3      | Reached skill level 8 in Axes
   454 | D:3      | Reached XP level 6. HP: 29/51 MP: 5/5
   747 | D:5      | Entered Level 5 of the Dungeon
   820 | D:6      | Reached skill level 9 in Axes
   823 | D:5      | Noticed a troll
   834 | D:5      | a troll changed into a black bear
   840 | D:5      | HP: 5/51 [worm (7)]
   845 | D:5      | Reached XP level 7. HP: 6/57 MP: 4/6
   896 | D:6      | Killed from afar by an orc priest

Vault maps used:
D:1:      onia_arrival_mini_spirals
D:2:      first_bread, nicolae_ashenzari_panopticon, uniq_jessica
D:3:      nicolae_qazlal_style_of_elements
D:4:      kennysheep_ying_yang, overflow_temple_1_default,
          minmay_temple_entry_large_hall, minivault_1, uniq_blork_the_orc,
          uniq_menkaure
D:6:      grunt_temple_overflow_open, portal_sewer_entry_e
Temple:   minmay_freezing_vapour_temple_12

Skill      XL: |  1  2  3  4  5  6 |
---------------+-------------------+-----
Axes           | 4 6 8 9 |  9.7
Fighting       | |  3.6
Armour         | |  2.4
Dodging        | |  1.1

Action                   |  1- 3 |  4- 6 |  7- 9 || total
-------------------------+-------+-------+-------++-------
Melee: Hand axe          |    61 |    93 |    13 ||   167
Throw: Tomahawk          |       |     5 |       ||     5
Invok: Renounce Religion |     1 |       |       ||     1
       Heroism           |       |     1 |     1 ||     2
  Use: Scroll            |     1 |     3 |       ||     4
       Potion            |     1 |       |     1 ||     2
 Stab: Paralysed         |       |     6 |       ||     6

Table legend:
 A = Turns spent in this place as a percentage of turns spent in the entire game.
 B = Non-inter-level travel turns spent in this place as a percentage of non-inter-level travel turns spent in the entire game.
 C = Inter-level travel turns spent in this place as a percentage of turns spent in this place.
 D = Turns resting spent in this place as a percentage of non-inter-level travel turns spent in this place.
 E = Turns spent auto-exploring this place as a percentage of non-inter-level travel turns spent in this place.
 F = Non-inter-level travel turns spent in this place divided by the number of levels of this place that you've seen.
                   A       B       C       D       E      F
               +-------+-------+-------+-------+-------+----------------------
         Total | 100.0 | 100.0 |   0.0 |   0.7 |   0.0 | 120.7
       Dungeon |  98.9 |  98.9 |   0.0 |   0.7 |   0.0 | 139.3
        Temple |   1.1 |   1.1 |   0.0 |   0.0 |   0.0 |   9.0
               +-------+-------+-------+-------+-------+----------------------

Table legend:
 A = Kills in this place as a percentage of kills in entire the game.
 B = Kills by you in this place as a percentage of kills by you in the entire game.
 C = Kills by friends in this place as a percentage of kills by friends in the entire game.
 D = Other kills in this place as a percentage of other kills in the entire game.
 E = Experience gained in this place as a percentage of experience gained in the entire game.
 F = Experience gained in this place divided by the number of levels of this place that you have seen.
                   A       B       C       D       E      F
               +-------+-------+-------+-------+-------+----------------------
         Total | 100.0 | 100.0 |  -nan |  -nan | 100.0 | 111.4
       Dungeon | 100.0 | 100.0 |  -nan |  -nan | 100.0 | 130.0
               +-------+-------+-------+-------+-------+----------------------

Vault maps used:
D:1:      onia_arrival_mini_spirals
D:2:      first_bread, nicolae_ashenzari_panopticon, uniq_jessica
D:3:      nicolae_qazlal_style_of_elements
D:4:      kennysheep_ying_yang, overflow_temple_1_default,
          minmay_temple_entry_large_hall, minivault_1, uniq_blork_the_orc,
          uniq_menkaure
D:6:      grunt_temple_overflow_open, portal_sewer_entry_e
Temple:   minmay_freezing_vapour_temple_12
